Map: Thunderbird LE

Players

PitchBlack - Winner!

  • Race: Zerg Zerg
  • League: Diamond
  • Spawn Location: 5:00

Skitter

  • Race: Zerg Zerg
  • League: Diamond
  • Spawn Location: 11:00

VOD

Have the link to the VOD?

Description

Time

  • Played on: Sept. 2, 2019, 9:47 p.m.
  • Length: 13:50
Show
View Real Time Build Order
Export as new Build Order

PitchBlack Zerg - Winner!

Build Orders: Pool First, Roach Hydra 

Get SALT Encoding   

  12  0:00  Drone  
  13  0:12  Overlord  
  13  0:16  Drone  
  14  0:31  Drone x2  
  14  0:34  Drone  
  17  0:45  Spawning Pool  
  17  0:48  Drone  
  17  0:56  Drone  
  18  1:12  Hatchery  
  18  1:15  Extractor  
  18  1:16  Drone  
  17  1:20  Drone  
  18  1:28  Drone  
  19  1:33  Queen  
  19  1:39  Overlord  
  21  1:50  Zergling x2  
  22  2:01  Drone  
  23  2:09  Queen  
  23  2:12  Drone  
  26  2:19  Metabolic Boost  
  26  2:22  Drone  
  27  2:24  Drone  
  28  2:33  Drone  
  29  2:40  Baneling Nest  
  28  2:45  Overlord  
  28  2:50  Drone x4  
  32  2:58  Drone  
  32  2:59  Drone  
  34  3:15  Drone x3  
  34  3:16  Overlord  
  37  3:20  Hatchery  
  37  3:22  Zergling x4  
  37  3:43  Drone  
  37  3:46  Drone x3  
  37  3:47  Overlord  
  41  3:49  Extractor  
  41  3:55  Evolution Chamber, Drone  
  39  3:56  Drone x4  
  39  3:58  Roach Warren  
  43  4:03  Lair  
  43  4:08  Baneling x2  
  43  4:11  Drone  
  43  4:12  Drone x2, Extractor  
  45  4:23  Zerg Missile Weapons Level 1  
  45  4:24  Drone x2  
  47  4:27  Drone  
  48  4:41  Queen  
  48  4:42  Drone x3  
  48  4:43  Drone x5, Overlord  
  58  4:48  Zergling x2  
  58  5:04  Glial Reconstitution  
  58  5:10  Overlord  
  58  5:11  Overlord  
  58  5:12  Roach x2  
  58  5:13  Roach x3, Overlord  
  68  5:16  Roach  
  68  5:19  Roach x2  
  74  5:23  Overlord  
  74  5:27  Overlord  
  74  5:29  Overlord  
  74  5:30  Roach  
  75  5:36  Roach x2, Baneling  
  75  5:37  Roach  
  75  5:38  Roach  
  75  5:40  Roach  
  85  5:44  Roach x2  
  85  5:48  Roach x2  
  85  5:49  Overlord  
  93  5:52  Overseer  
  93  5:55  Roach x2  
  97  5:58  Roach  
  97  6:01  Roach  
  101  6:04  Roach  
  103  6:12  Roach x2  
  103  6:13  Roach  
  109  6:18  Extractor  
  109  6:19  Drone x2  
  109  6:20  Drone x4  
  109  6:25  Extractor  
  113  6:26  Drone  
  113  6:27  Drone, Hydralisk Den  
  94  7:01  Spore Crawler  
  94  7:02  Spore Crawler  
  94  7:03  Queen  
  94  7:04  Drone x2, Hydralisk x3  
  94  7:05  Hydralisk x2  
  82  7:17  Hydralisk x4  
  88  7:26  Extractor  
  88  7:27  Queen  
  88  7:28  Drone x2  
  88  7:29  Drone x4  
  95  7:37  Hydralisk x3  
  95  7:38  Hydralisk x2  
  105  7:44  Grooved Spines  
  105  7:47  Hydralisk  
  99  7:51  Hydralisk  
  99  7:57  Hydralisk  
  97  8:05  Hydralisk x3  
  91  8:07  Hydralisk  
  91  8:11  Hydralisk  
  95  8:14  Hydralisk  
  93  8:26  Queen  
  90  8:27  Hydralisk x4  
  90  8:32  Hydralisk  
  95  8:35  Hydralisk  
  89  8:42  Drone x2  
  89  8:43  Drone  
  92  8:51  Queen  
  92  8:55  Roach x3  
  96  8:59  Drone x2  
  96  9:00  Drone, Queen  
  101  9:03  Roach, Muscular Augments  
  101  9:07  Drone x5  
  101  9:08  Drone x2  
  110  9:10  Zerg Missile Weapons Level 2  
  110  9:13  Drone  
  111  9:31  Overlord, Hatchery  
  111  9:33  Overlord x5  
  110  9:50  Hatchery  
  109  9:58  Roach x3, Hydralisk x3  
  109  9:59  Roach x2  
  125  10:05  Infestation Pit  
  124  10:07  Roach x2, Hydralisk x3  
  124  10:13  Roach x2, Overlord  
  124  10:14  Roach, Hydralisk x2  
  140  10:15  Overlord  
  140  10:18  Hydralisk  
  146  10:21  Spore Crawler  
  146  10:27  Spore Crawler  
  144  10:29  Roach, Spore Crawler  
  145  10:38  Overlord x2  
  145  10:39  Roach x2, Hydralisk  
  130  11:18  Pathogen Glands  
  130  11:20  Drone x4  
  130  11:21  Drone  
  130  11:22  Drone x2  
  130  11:23  Drone x3  
  130  11:24  Drone  
  137  11:38  Spore Crawler  
  135  11:40  Spore Crawler x2  
  135  11:41  Drone x5  
  135  11:43  Spore Crawler  
  135  11:45  Drone x3  
  140  11:50  Spore Crawler  
  140  11:51  Spore Crawler x2  
  140  11:52  Spore Crawler  
  140  11:53  Spore Crawler  
  129  11:58  Roach x3  
  129  12:01  Infestor  
  137  12:06  Infestor  
  141  12:08  Roach  
  141  12:10  Infestor  
  143  12:19  Infestor x3  
  139  12:33  Infestor x3  
  139  12:37  Infestor x2  
  137  12:42  Hydralisk  
  137  12:43  Hydralisk  
  135  12:48  Hydralisk  
  135  12:49  Hydralisk  
  139  12:57  Hydralisk x2  
  141  13:03  Drone x4  
  145  13:08  Queen  
  145  13:12  Hydralisk  
  149  13:22  Hydralisk  
  149  13:23  Hydralisk x2  
Show
View Real Time Build Order
Export as new Build Order

Skitter Zerg 

Build Orders: Hatch First 

Get SALT Encoding   

  12  0:01  Drone  
  13  0:12  Overlord  
  13  0:17  Drone  
  14  0:31  Drone x2  
  14  0:34  Drone  
  17  0:54  Hatchery  
  17  0:56  Drone  
  17  1:09  Spawning Pool  
  17  1:10  Drone  
  17  1:15  Drone  
  18  1:21  Drone  
  18  1:24  Extractor  
  18  1:28  Drone  
  19  1:38  Overlord  
  19  2:07  Queen x2  
  23  2:09  Zergling x6  
  23  2:11  Drone  
  27  2:17  Drone  
  27  2:18  Baneling Nest  
  27  2:37  Drone x3  
  27  2:43  Drone  
  27  2:44  Drone, Metabolic Boost  
  32  2:55  Drone x2  
  34  3:04  Spine Crawler  
  33  3:06  Drone x2, Extractor  
  34  3:17  Drone  
  34  3:18  Drone, Overlord  
  36  3:21  Baneling  
  35  3:41  Zergling x8  
  35  3:42  Zergling x4  
  35  3:47  Drone  
  35  3:48  Drone x3  
  44  3:49  Lair  
  44  3:55  Overlord x2  
  43  4:13  Overlord x2  
  43  4:14  Drone  
  43  4:15  Drone  
  45  4:19  Drone x2, Extractor  
  45  4:20  Extractor  
  45  4:34  Drone x6  
  48  4:55  Spire  
  45  5:00  Drone  
  45  5:01  Drone  
  45  5:04  Drone x2  
  49  5:09  Queen  
  49  5:12  Baneling  
  51  5:15  Hatchery  
  51  5:16  Overlord  
  51  5:17  Drone x5  
  56  5:21  Zergling x2  
  55  5:48  Spine Crawler  
  54  5:51  Overlord  
  54  6:07  Mutalisk  
  54  6:08  Mutalisk x8  
  72  6:11  Zergling x6  
  72  6:18  Spine Crawler  
  74  6:23  Mutalisk  
  76  6:27  Overlord  
  76  6:28  Zergling x4  
  78  6:36  Baneling  
  78  6:37  Baneling  
  78  6:41  Mutalisk x2  
  78  6:43  Zergling x14  
  85  6:57  Mutalisk  
  85  6:59  Overlord  
  85  7:00  Zergling x2  
  82  7:02  Zergling x2  
  77  7:09  Mutalisk x2  
  77  7:14  Queen  
  77  7:15  Queen  
  84  7:16  Zergling x2  
  84  7:17  Zergling x8  
  89  7:51  Zergling x12  
  91  8:05  Mutalisk x2  
  90  8:12  Mutalisk x2  
  84  8:27  Mutalisk  
  84  8:28  Mutalisk  
  84  8:33  Baneling x10  
  84  8:34  Baneling  
  77  9:04  Mutalisk x3  
  77  9:06  Zergling x12  
  89  9:11  Hatchery  
  88  9:27  Mutalisk x2  
  88  9:29  Hatchery  
  91  9:33  Hatchery  
  90  9:47  Hatchery  
  89  9:58  Overlord  
  89  10:08  Mutalisk x5  
  89  10:11  Overlord x2  
  89  10:12  Overlord  
  99  10:32  Drone x12  
  106  10:42  Extractor  
  104  10:47  Extractor  
  82  11:06  Zergling x2, Mutalisk  
  82  11:07  Zergling x6, Mutalisk x6  
  82  11:08  Zergling x2  
  82  11:09  Zergling x12  
  105  11:13  Drone  
  106  11:26  Mutalisk x2  
  110  11:36  Zergling x18  
  110  11:37  Zergling x4  
  119  11:43  Zergling x12  
  119  11:47  Drone x2  
  119  12:03  Baneling x5  
  119  12:04  Baneling x13  
  119  12:05  Baneling  
  119  12:06  Baneling x2  
  119  12:08  Mutalisk  
  121  12:16  Zergling x10  
  121  12:18  Drone  
  77  12:44  Mutalisk  
  77  12:45  Mutalisk x2  
  77  12:46  Zergling x24  
  82  12:58  Baneling x6  
  82  13:11  Mutalisk x4  
Tags
 
Add a new tag
Caveats
  • Supply blocks, unpowered buildings, or Contaminate may cause inaccurate times.
  • Supply counts are checked every 10 seconds.